AoeStats
← Bandolero

Arabia

509945943Analyzed
4v4 RM · 3d ago on Sep 28, 2026· 24m 53s· 8 players
Game mode
Random Map
Map size
Large (8 player)
Population
200
Speed
Normal
Resources
Standard
Victory
Conquest
Starting age
Dark Age
Ending age
Imperial Age
RankedLock teamsTeams togetherTeam positionsShared explorationLock speedFull tech treeHidden civsTurbo modeCheats
Victory
Defeat
🇦🇷 Magyars · Argentina
1772
+10
🇦🇷 Hindustanis · Argentina
1679
+13
🇦🇷 Britons · Argentina
1623
+15
🇦🇷 Maya · Argentina
1582
+17
🇺🇸 Franks · United States
1649
-15
🇩🇪 Varangians · Germany
1642
-15
🇦🇷 Huns · Argentina
1618
-14
🇨🇴 Khitans · Colombia
1555
-11
BeardyMan37
5:57 Loom
8:24 Feudal Age
10:04 Double-Bit Axe
16:45 Scale Barding Armor
16:55 Forging
18:41 Scale Barding Armor
24:35 Castle Age
23:17 Gold Mining
25:44 Chain Barding Armor
25:59 Iron Casting
24:46 Light Cavalry
25:26 Husbandry
[LGP] Shiroo
11:18 Loom
13:05 Feudal Age
17:03 Fletching
18:44 Double-Bit Axe
24:31 Castle Age
Kant be real
6:18 Loom
8:30 Feudal Age
9:32 Double-Bit Axe
16:00 Forging
22:44 Castle Age
22:21 Scale Barding Armor
22:29 Bloodlines
🦌 Jolly Jumper
6:41 Loom
9:11 Feudal Age
9:14 Man-at-Arms
13:08 Fletching
17:17 Double-Bit Axe
18:16 Padded Archer Armor
19:16 Wheelbarrow
~BroKen~
6:51 Loom
8:58 Feudal Age
9:53 Double-Bit Axe
16:33 Forging
16:29 Scale Barding Armor
16:38 Horse Collar
19:47 Bloodlines
25:17 Castle Age
25:31 Wheelbarrow
Bandolero
0:26 Loom
9:33 Feudal Age
10:13 Double-Bit Axe
18:21 Fletching
22:58 Padded Archer Armor
La Serpiente Emplumada
9:16 Feudal Age
8:21 Loom
9:48 Double-Bit Axe
10:07 Horse Collar
16:41 Scale Barding Armor
19:00 Bloodlines
20:42 Wheelbarrow
21:30 Gold Mining
26:40 Castle Age
Gauchito
6:44 Loom
9:18 Feudal Age
18:18 Fletching
Connection lost

Rejoining the realm…

Still unreachable

The connection could not be restored.

Session expired

The server has moved on; the page needs a fresh start.